[Event "*** Titled Tuesday Blitz"]
[Site "Chess.com"]
[Date "2021.04.27"]
[Round "7"]
[White "Gmedmundo"]
[Black "Aygehovit1992"]
[Result "0-1"]
[WhiteElo "2439"]
[BlackElo "2629"]
[TimeControl "180+1"]
[EndTime "11:17:54 PDT"]
[Termination "Aygehovit1992 won on time"]

1. e4 c5 2. Nf3 d6 3. d4 cxd4 4. Nxd4 Nf6 5. Nc3 a6 6. Be3 e5 7. Nb3 Be6 8. f3 h5 9. Qd2 Nbd7 10. Nd5 Bxd5 11. exd5 Rc8 12. c4 Be7 13. Be2 h4 14. Na5 Qc7 15. O-O Nh5 16. b4 O-O 17. Rac1 Nf4 18.
Rfe1 Bg5 19. Bf1 f6 20. c5 Kh8 21. c6 bxc6 22. dxc6 Nb8 23. a4 d5 24. Bc5 Rfd8 25. Qf2 Nxc6 26. Bb6 Qd7 27. Nxc6 Re8 28. b5 d4 29. g3 Nd5 30. Kh1 Bxc1 31. Rxc1 Nc3 32.
gxh4 Nxa4 33. Ba5 axb5 34. Bxb5 Nc3 35. Bxc3 dxc3 36. Rxc3 Red8 37. Kg2 Qd1 38. Re3 Rd2 39. Re2 Rxe2 40. Bxe2 Qd2 41. Ne7 Rc2 42. Ng6+ Kh7 43. Nf8+ Kg8 44. Bc4+ Kxf8 45. Qxd2 Rxd2+ 46. Kg3 Rd4 47. Be6 Ke7 48. Bf5 Kd6 49. h5 Kc5 50. h6 gxh6 51. h4 Kb4 52. h5 Kc3 53. Be4 Kd2 54.
Kg4 Ke3 55. Kf5 Rd6 56. Kg6 Rb6 57. Bf5 Kxf3 58. Kxh6 e4 59. Kg6 e3 60. h6 e2 61.
h7 Rb8 62. Bg4+ Kxg4 0-1

[Event "*** Titled Tuesday Blitz"]
[Site "Chess.com"]
[Date "2021.04.27"]
[Round "7"]
[White "Gloomy_Wanderer"]
[Black "KuzubovYuriy"]
[Result "1-0"]
[WhiteElo "2745"]
[BlackElo "2856"]
[TimeControl "180+1"]
[EndTime "11:17:55 PDT"]
[Termination "Gloomy_Wanderer won on time"]

1. d4 Nf6 2. Nf3 e6 3. c4 d5 4. g3 Be7 5. Bg2 O-O 6. O-O dxc4 7. Ne5 Qd6 8. Na3 Rd8 9. Nb5 Qb6 10. a4 Nd5 11. Nxc4 Qa6 12. e4 c6 13. Nba3 Nb6 14. b3 Nxc4 15. Nxc4 b5 16. Ne5 Bf6 17. Qh5 Bxe5 18.
Qxe5 Nd7 19. Qc7 Qb6 20. Bf4 e5 21. Bxe5 Nxe5 22. Qxe5 Qxd4 23. Qxd4 Rxd4 24. axb5 cxb5 25. e5 Rb8 26. Rxa7 Be6 27. Rb1 g5 28. b4 Kg7 29.
Rc7 Rbd8 30. Rcc1 Rd2 31. Bf1 R8d5 32. Rc5 Rxc5 33. bxc5 Bf5 34. Rc1 b4 35. Bc4 Rc2 36. Rxc2 Bxc2 37. c6 b3 38. c7 b2 39. c8=Q b1=Q+ 40. Bf1 Bd3 41. Qh3 h5 42. Qg2 g4 43. f4 Kg6 44. Qf2 Kf5 45. Kg2 Be4+ 46. Kg1 h4 47. gxh4 Bd3 48. h5 Bc4 49. Kg2 Bd5+ 50. Kg1 Qa1 51. h6 Kg6 52. h7 Kxh7 53. Qh4+ Kg7 54.
Qxg4+ Kf8 55. Qg3 Qd4+ 56. Qf2 Qe4 57. Bg2 Qb1+ 58. Qf1 Qg6 59. h3 Qg3 60. Qf2 Qg6 61. Kh2 1-0

[Event "*** Titled Tuesday Blitz"]
[Site "Chess.com"]
[Date "2021.04.27"]
[Round "7"]
[White "NoGalloNoParty"]
[Black "queen_iryna"]
[Result "0-1"]
[WhiteElo "2348"]
[BlackElo "2393"]
[TimeControl "180+1"]
[EndTime "11:17:59 PDT"]
[Termination "queen_iryna won by resignation"]

1. d4 d6 2. Nf3 g6 3. c4 Bg7 4.
Nc3 Nc6 5. h3 e5 6. d5 Nce7 7. e4 f5 8. Be2 Nf6 9. Bg5 O-O 10. Qc1 fxe4 11. Nd2 h6 12. Bxf6 Bxf6 13. Ndxe4 Bg7 14. Bg4 Nf5 15. Qd2 Nd4 16. Bxc8 Rxc8 17. O-O Rf4 18. c5 Qh4 19. Rae1 dxc5 20. Nxc5 Rcf8 21.
Ne6 Nxe6 22. dxe6 e4 23. Nd5 R4f5 24. e7 Re8 25. g3 Qxh3 26. Rxe4 Rh5 27. Rh4 Rxh4 28.
gxh4 Qg4+ 29. Kh1 Qxh4+ 30. Kg1 Qg4+ 31. Kh1 Qf3+ 32. Kg1 Be5 33. Re1 Qg4+ 34. Kf1 Qh3+ 35. Ke2 Qh5+ 36. f3 Qh2+ 37. Kd1 Qxd2+ 38. Kxd2 c6 39.
Rxe5 cxd5 40. Rxd5 Rxe7 41. Rd6 Kf7 42. Kd3 h5 43. f4 Kg7 44. b4 h4 45. a4 h3 46. Kc3 h2 47. Rd1 Re3+ 48. Kd4 Rh3 49. Rh1 Kf6 50. Ke4 Rh4 51. Kf3 Kf5 52. Kg3 Rh7 53. b5 b6 54. Rxh2 Rxh2 55. Kxh2 Kxf4 56. Kh3 g5 57. Kg2 Kg4 58. Kh2 Kf3 59. Kg1 g4 60. Kf1 g3 61. Kg1 Ke4 62. Kg2 Kd4 63. Kxg3 Kc4 64. Kf3 Kb4 65. Ke4 Kxa4 0-1

[Event "*** Titled Tuesday Blitz"]
[Site "Chess.com"]
[Date "2021.04.27"]
[Round "7"]
[White "Mrlammy"]
[Black "ajedrez1101"]
[Result "0-1"]
[WhiteElo "2253"]
[BlackElo "2171"]
[TimeControl "180+1"]
[EndTime "11:18:04 PDT"]
[Termination "ajedrez1101 won by checkmate"]

1. e4 b6 2. d4 Bb7 3. Bd3 e6 4. Nf3 d5 5. e5 c5 6. c3 Qc8 7.
O-O Ba6 8. Bf4 Bxd3 9. Qxd3 Qa6 10. Qe3 Nc6 11. Nbd2 cxd4 12. Nxd4 Nxd4 13. cxd4 Ne7 14. Nf3 Nf5 15. Qd2 Be7 16. h3 O-O 17. a3 Rac8 18. Rac1 Rxc1 19. Rxc1 Rc8 20. g4 Nh4 21. Nxh4 Bxh4 22.
Rxc8+ Qxc8 23. g5 Qc4 24. Kg2 f6 25. gxf6 gxf6 26. Qe3 Qc2 27. exf6 Qg6+ 28. Bg3 Kf7 29. Qf4 Bxf6 30. Qc7+ Be7 31. Qxa7 Qe4+ 32. Kh2 Qxd4 33. Qd7 Qxb2 34. a4 Qd4 35. Kg2 Qe4+ 36. Kg1 Qb1+ 37.
Kh2 Qf5 38. Kg1 Qb1+ 39. Kg2 Qe4+ 40. Kh2 d4 41. Qb5 Qf5 42. Qe2 d3 43. Qd2 Bg5 44. Qd1 d2 45. f4 Bxf4 46. Bxf4 Qxf4+ 47. Kg2 Qe3 48. Qh5+ Ke7 49. Qxh7+ Kd6 50. Qc2 Qe1 51. Qd3+ Ke5 52. Qc3+ Ke4 53. Qc4+ Ke3 54. Qc3+ Kf4 55. Qf3+ Ke5 56. Qc3+ Kd5 57. Qd3+ Kc6 58. Qc3+ Kd7 59. Qd3+ Ke7 60. Qh7+ Kf6 61. Qh6+ Ke5 62. Qg5+ Kd4 63. Qg4+ Qe4+ 64. Qxe4+ Kxe4 65. Kf2 d1=Q 66. Kg3 Qxa4 67. Kg4 Qa8 68. h4 Qh8 69. h5 b5 70. h6 b4 71. Kg5 b3 72. Kg6 b2 73. Kf7 b1=Q 74.
Ke7 Qb7+ 75. Kd6 Qbh7 76. Kxe6 Qxh6+ 77. Kd7 Q8h7+ 78. Kd8 Qf6+ 79. Kc8 Qfh8# 0-1

[Event "*** Titled Tuesday Blitz"]
[Site "Chess.com"]
[Date "2021.04.27"]
[Round "7"]
[White "The_Machine04"]
[Black "NateSolon"]
[Result "1/2-1/2"]
[WhiteElo "2456"]
[BlackElo "2624"]
[TimeControl "180+1"]
[EndTime "11:18:05 PDT"]
[Termination "Game drawn by stalemate"]

1. d4 Nf6 2. Bg5 d5 3. e3 c5 4. Bxf6 gxf6 5. dxc5 Nc6 6. Bb5 e6 7. c4 dxc4 8. Nd2 c3 9. bxc3 Bxc5 10. Qh5 Be7 11.
Ngf3 Bd7 12. Rd1 Qc7 13. O-O a6 14. Ba4 b5 15. Bb3 Na5 16. Ne4 Nxb3 17. axb3 Bc6 18.
Qh4 f5 19. Nf6+ Bxf6 20. Qxf6 Rg8 21. Ne1 Rd8 22. Rxd8+ Qxd8 23. Qxd8+ Kxd8 24. b4 Rg4 25. f4 Ke7 26. Kf2 Rg8 27. g3 Rd8 28. Nf3 Bxf3 29. Kxf3 Rc8 30. Rc1 Rc4 31. Ke2 f6 32. Kd3 e5 33. Ra1 Rc6 34. Ra2 Ke6 35. Ra1 Kd5 36. Ra2 Rd6 37. Ra1 e4+ 38. Kc2 Kc4 39. Ra3 Rd3 40.
Rxa6 Rxe3 41. Rc6+ Kd5 42. Rc5+ Ke6 43. Rxb5 Re2+ 44. Kd1 Rxh2 45. c4 Rg2 46. Rb6+ Ke7 47. Rb7+ Ke6 48. b5 Rxg3 49. b6 Rb3 50. c5 Kd5 51. Rc7 h5 52. b7 h4 53. c6 h3 54.
Kc2 Rb5 55. Rc8 h2 56. Rh8 Kxc6 57.
Rxh2 Rxb7 58. Rh6 Rf7 59. Rh5 Kd5 60. Rxf5+ Kd4 61. Ra5 e3 62. Ra4+ Kd5 63. Kd3 Re7 64.
Ke2 Kc5 65. Ra6 Kd4 66. Rxf6 Ke4 67. Ra6 Kxf4 68. Ra4+ Re4 69. Rxe4+ Kxe4 70. Ke1 Kd3 71. Kd1 Kd4 72. Ke2 Ke4 73. Ke1 Kd3 74. Kd1 e2+ 75.
Ke1 Ke3 1/2-1/2

[Event "*** Titled Tuesday Blitz"]
[Site "Chess.com"]
[Date "2021.04.27"]
[Round "7"]
[White "BahadirOzen"]
[Black "ukchessbomber"]
[Result "1-0"]
[WhiteElo "2671"]
[BlackElo "2518"]
[TimeControl "180+1"]
[EndTime "11:18:06 PDT"]
[Termination "BahadirOzen won on time"]

1. g3 Nf6 2. Bg2 g6 3. e4 d6 4.
d4 Bg7 5. Ne2 O-O 6. O-O e5 7.
h3 Nc6 8. Be3 Re8 9. Nbc3 a6 10.
a4 Rb8 11. dxe5 Nxe5 12. b3 Ned7 13. Qd2 Nc5 14. Bxc5 dxc5 15. Qxd8 Rxd8 16. e5 Ne8 17. f4 Bf5 18. Be4 Bxh3 19. Rfd1 c6 20. a5 Nc7 21. Bg2 Bf5 22. Ne4 Bxe4 23. Bxe4 f6 24. exf6 Bxf6 25. Rxd8+ Rxd8 26. Re1 Nb5 27. Bd3 Re8 28. Kf1 Nc3 29. Kf2 Bd4+ 30. Kg2 Nd5 31. Rh1 Nb4 32. Bc4+ Kg7 33. c3 Rxe2+ 34. Bxe2 Bxc3 35.
Bg4 Nc2 36. Bc8 Nd4 37. Rb1 Bxa5 38. Bxb7 Bb4 39. Bxa6 Kf6 40. Bc4 g5 41. fxg5+ Kxg5 42. Rf1 Nc2 43. Rf8 Ne1+ 44. Kf2 Nc2 45. Kf3 Nd4+ 46. Ke4 Kg4 47. Rg8+ Kh3 48. g4 Kh4 49. g5 Bd2 50. g6 hxg6 51. Rxg6 Bb4 52. Bf7 Kh3 53. Be8 Kh4 54. Bxc6 Kh5 55. Be8 Kh4 56. Bf7 Kh3 57. Kd3 Kh4 58. Kc4 Kh3 59. Rd6 Ba3 60. Rg6 Kh4 61. Bd5 Bb4 62. Rg8 Kh3 63.
Rb8 Ba3 64. Rg8 Bb4 65. Be4 Ba3 66. Rd8 Kg3 67. Ra8 Bb4 68. Bd5 Kf2 69. Kd3 Ke1 70.
Rf8 Ba3 71. Bg2 1-0

[Event "*** Titled Tuesday Blitz"]
[Site "Chess.com"]
[Date "2021.04.27"]
[Round "7"]
[White "platy3"]
[Black "blitzking1729"]
[Result "1-0"]
[WhiteElo "2852"]
[BlackElo "2669"]
[TimeControl "180+1"]
[EndTime "11:18:07 PDT"]
[Termination "platy3 won by checkmate"]

1. e4 c6 2. Nf3 d5 3. d3 g6 4. Qe2 Bg7 5. g3 Nf6 6. Bg2 O-O 7. O-O Bg4 8. Nbd2 dxe4 9. dxe4 e5 10. h3 Bxf3 11.
Nxf3 Nbd7 12. Rd1 Qe7 13. c3 h6 14. Qc2 Nc5 15. Ne1 Rfd8 16. Be3 Ne6 17. b4 b6 18. Qb3 Rxd1 19. Rxd1 Rd8 20. Rxd8+ Qxd8 21. a4 Bf8 22. Kf1 Ng5 23. Qc4 Qd7 24. h4 b5 25. axb5 cxb5 26. Qd3 Qxd3+ 27. Nxd3 Ngxe4 28. Nxe5 Nxc3 29. Nc6 a6 30. Bd4 Ncd5 31. Ke2 Bg7 32. Kd3 Nc7 33. Ne7+ Kf8 34. Bc5 Ke8 35. Bc6+ Nd7 36.
Bd6 Ne6 37. Nd5 Kd8 38. Be7+ Kc8 39. Bd6 Kd8 40. f4 Bf8 41. Bxf8 Ndxf8 42. Bb7 Nc7 43. Nxc7 Kxc7 44. Bxa6 Kc6 45. Bc8 Kc7 46. Bh3 Nh7 47.
Kd4 Kd6 48. Bf1 Kc6 49. Ke5 g5 50. fxg5 hxg5 51. h5 g4 52. Bd3 Nf8 53. h6 Kd7 54.
Kf6 Ne6 55. Bf5 Kd6 56. Bxe6 fxe6 57. h7 Kd5 58. h8=Q Kc4 59. Qc8+ Kxb4 60. Qxe6 Ka3 61. Qxg4 b4 62. Qxb4+ Kxb4 63. g4 Kb5 64. g5 Kc6 65. g6 Kd7 66. g7 Kc7 67. g8=Q Kd7 68. Qe6+ Kc7 69. Ke5 Kb7 70. Qd6 Kc8 71. Qe7 Kb8 72. Qd7 Ka8 73. Kd5 Kb8 74. Kc6 Ka8 75. Qb7# 1-0

[Event "*** Titled Tuesday Blitz"]
[Site "Chess.com"]
[Date "2021.04.27"]
[Round "7"]
[White "KonstantinB_1983"]
[Black "GMJustin"]
[Result "1-0"]
[WhiteElo "2508"]
[BlackElo "2305"]
[TimeControl "180+1"]
[EndTime "11:18:07 PDT"]
[Termination "KonstantinB_1983 won on time"]

1. d4 Nf6 2. c4 e6 3. Nc3 Bb4 4.
f3 O-O 5. e4 d5 6. cxd5 exd5 7. e5 Nfd7 8. a3 Bxc3+ 9. bxc3 f6 10. f4 fxe5 11. dxe5 Nc5 12. Nf3 Ne4 13. Qb3 c6 14. Be3 Nd7 15. Be2 Ndc5 16. Qc2 Qa5 17. Bd4 Rxf4 18. O-O Bf5 19. Qc1 Rxf3 20. gxf3 Nb3 21.
Qf4 Nxc3 22. Bxc3 Qxc3 23. Rae1 Nd4 24. Bd1 Rf8 25. Qg5 Qc5 26. Kh1 Ne6 27. Qg3 d4 28. Rg1 d3 29. f4 Qd4 30. Ref1 d2 31. Bf3 Be4 32. Rd1 Rxf4 33. Rgf1 Rxf3 34. Rxf3 Qd5 35. Kg2 Nd4 36. Rxd2 Bxf3+ 37. Kf2 Qe4 38. Qg5 Ne6 39. Qe7 Qf5 40. Qe8+ Nf8 41. Ke3 Bd5 42. Rf2 Qe4+ 43. Kd2 Qd4+ 44. Ke1 Qe3+ 45. Re2 Qg1+ 46. Kd2 Qd4+ 47.
Ke1 Qc3+ 48. Kf2 Bc4 49. Re3 Qd2+ 50. Kf3 Bd5+ 51. Kf4 Qf2+ 52. Kg4 Qxe3 53. Qe7 Qe4+ 54. Kg3 Be6 55. Qg5 Qf5 56. Qe3 h5 57. Kg2 Qg4+ 58. Kf2 h4 59. Ke1 Qf5 60. Kd2 Bd5 61. Kc3 Qf3 62. Qxf3 Bxf3 63. Kd4 Ne6+ 64. Ke3 g5 65. a4 Kf7 66. a5 Kg6 67. a6 g4 68. h3 Nd8 69. hxg4 Bxg4 70. e6 bxa6 71. e7 Nf7 72. e8=Q 1-0

[Event "*** Titled Tuesday Blitz"]
[Site "Chess.com"]
[Date "2021.04.27"]
[Round "7"]
[White "ChessteacherPalmS"]
[Black "ariosp"]
[Result "1-0"]
[WhiteElo "2389"]
[BlackElo "2203"]
[TimeControl "180+1"]
[EndTime "11:18:07 PDT"]
[Termination "ChessteacherPalmS won on time"]

1. d4 Nf6 2. c4 e6 3. Nf3 c5 4. d5 b5 5. Bg5 b4 6. e4 h6 7. Bxf6 Qxf6 8. e5 Qd8 9. Nbd2 Bb7 10. d6 Nc6 11. Nb3 Qb6 12. Bd3 a5 13. a4 O-O-O 14. Qe2 f6 15. Rd1 fxe5 16. Nxe5 Bxd6 17. Nf7 Bc7 18.
Nxh8 Rxh8 19. Be4 Nd4 20. Nxd4 cxd4 21. Bxb7+ Qxb7 22. Rxd4 Qxg2 23. Qe4 Qxe4+ 24. Rxe4 Rf8 25. h4 Bf4 26. h5 e5 27. Rg1 Rf7 28. Rg6 Kb7 29.
Ke2 Re7 30. Kf3 Rf7 31. Kg2 Re7 32. b3 Rf7 33. f3 Re7 34. Kh3 Rf7 35. Kg4 Re7 36.
Re1 Rf7 37. Rd1 Be3 38. Rd5 Bd4 39. Rb5+ Kc7 40. Rxa5 Rf4+ 41. Kg3 Rf5 42. Rxg7 Rxh5 43. Rd5 Rh1 44. Rgxd7+ Kc6 45. R7d6+ Kc7 46. a5 h5 47. Rh6 h4+ 48. Kg2 Rg1+ 49. Kh3 Rh1+ 50. Kg4 Rg1+ 51. Kxh4 Rh1+ 52. Kg5 Be3+ 53. Kf5 Rxh6 54.
Rxe5 Bd2 55. Ke4 Kb7 56. Rb5+ Ka6 57. Kd3 Bc3 58. Rb6+ Rxb6 59. axb6 Kxb6 60. Ke4 Kc5 61. f4 Kd6 62. Kf5 Ke7 63. Kg6 Ke6 64. f5+ Ke7 65. Kg5 Kf7 66. Kf4 Kf6 67. Ke4 1-0

[Event "*** Titled Tuesday Blitz"]
[Site "Chess.com"]
[Date "2021.04.27"]
[Round "7"]
[White "chessmachine14"]
[Black "thechesscorner64"]
[Result "1-0"]
[WhiteElo "2275"]
[BlackElo "2376"]
[TimeControl "180+1"]
[EndTime "11:18:08 PDT"]
[Termination "chessmachine14 won by checkmate"]

1. d4 Nf6 2. Bg5 e6 3. e4 h6 4. Bxf6 Qxf6 5. Nc3 Bb4 6. Nf3 d6 7. Bd3 Nd7 8. Qd2 e5 9. a3 exd4 10. axb4 dxc3 11. Qxc3 Qxc3+ 12. bxc3 O-O 13. O-O a6 14. Ra5 Re8 15. Rfa1 Nf6 16. Nd2 Bd7 17. b5 c5 18.
bxa6 b6 19. R5a2 b5 20. f3 c4 21. Bf1 d5 22. exd5 Nxd5 23. Ne4 Bc6 24. Rb2 Re7 25. Ra3 Rea7 26. Nc5 Nb6 27. Kf2 Kf8 28. Rba2 Re7 29. Rb2 Nd5 30. Ne4 Nb6 31. Nd6 Na4 32. Rb4 Rxa6 33. Nxb5 Bxb5 34. Rxb5 Rea7 35. Rb8+ Ke7 36. Bxc4 Nb6 37. Rxa6 Rc7 38. Be2 Nd5 39. Raa8 Nxc3 40. Re8+ Kf6 41. Rac8 Nd5 42. Rxc7 Nxc7 43. Rc8 Ne6 44.
c4 Ke5 45. c5 f5 46. c6 Kd6 47.
Bc4 Nc5 48. Bb5 g5 49. Rh8 f4 50. Rxh6+ Kc7 51. h4 gxh4 52. Rxh4 Ne6 53. Rh7+ Kb6 54. Bc4 Nd4 55. c7 Kb7 56. Bd3 Ne6 57. Bf5 Nxc7 58.
Ke2 Kb6 59. Rxc7 Kxc7 60. Kd3 Kd6 61. Ke4 Ke7 62. Kxf4 Kf6 63. g4 Kg7 64. g5 Kf7 65.
Ke5 Kg7 66. g6 Kf8 67. Kf6 Kg8 68. Be6+ Kf8 69. g7+ Ke8 70. g8=Q# 1-0

[Event "*** Titled Tuesday Blitz"]
[Site "Chess.com"]
[Date "2021.04.27"]
[Round "7"]
[White "Vice64"]
[Black "TimofeevAr"]
[Result "1-0"]
[WhiteElo "2676"]
[BlackElo "2815"]
[TimeControl "180+1"]
[EndTime "11:18:11 PDT"]
[Termination "Vice64 won by resignation"]

1. e4 d5 2. exd5 Nf6 3. Nf3 Nxd5 4. d4 g6 5. Bd3 Bg7 6. c3 O-O 7. O-O Nd7 8. Bg5 c5 9. Re1 cxd4 10. cxd4 N7f6 11.
Nc3 Be6 12. Qd2 Qd6 13. Ne5 Rfd8 14. Rad1 Rac8 15. h3 a6 16. Bb1 Qb6 17. Na4 Qb4 18. Nc5 Qxd2 19. Rxd2 Rc7 20. Nxe6 fxe6 21. Nf3 Rc6 22.
Rde2 Nc7 23. Bf4 Nfd5 24. Be5 Bxe5 25. Nxe5 Rb6 26. g3 Rb4 27. Nf3 Kg7 28. a3 Rb6 29.
Ng5 Nf6 30. Nxe6+ Nxe6 31. Rxe6 Rxe6 32. Rxe6 Kf8 33. Be4 Kf7 34. Re5 b6 35. Bb7 a5 36.
d5 Ne8 37. Re3 Nd6 38. Bc6 b5 39. Rb3 Rb8 40. Kg2 b4 41. axb4 axb4 42. f4 Ne4 43.
Re3 Nc5 44. Re2 Rb6 45. Rc2 Nd3 46. Rd2 Nc5 47. Kf3 Ra6 48. Rc2 Nb3 49. Ke4 Ra1 50.
d6 Re1+ 51. Kd3 Na5 52. d7 Nxc6 53. Rxc6 Rd1+ 54. Kc4 Rxd7 55. Kxb4 Rd2 56. Ka3 h5 57. h4 Rg2 58. Rc3 Kf6 59. b4 Rg1 60. b5 Ra1+ 61.
Kb4 Ke6 62. b6 Kd7 63. b7 Rb1+ 64. Rb3 Rxb3+ 65. Kxb3 Kc7 66. Kc4 Kxb7 67. Kd5 Kc7 68. Ke6 Kd8 69. Kf7 Kd7 70. Kxg6 Ke6 71. Kg5 Kf7 72. Kxh5 Kf6 73. Kg4 1-0

[Event "*** Titled Tuesday Blitz"]
[Site "Chess.com"]
[Date "2021.04.27"]
[Round "7"]
[White "nrvignesh"]
[Black "Harry_Rakkel"]
[Result "1/2-1/2"]
[WhiteElo "2776"]
[BlackElo "2608"]
[TimeControl "180+1"]
[EndTime "11:18:12 PDT"]
[Termination "Game drawn - insufficient material"]

1. c4 Nf6 2. Nc3 e5 3. g3 c6 4. Nf3 e4 5. Nd4 d5 6. cxd5 cxd5 7. d3 Bc5 8. Nb3 Bb6 9. Bg2 O-O 10. O-O Bf5 11. Bg5 exd3 12. Nxd5 Re8 13. exd3 Nbd7 14. Qf3 Bg6 15. Nxb6 axb6 16. Qxb7 Rb8 17. Qf3 Qc7 18. Qf4 Qa7 19. a3 h6 20. Bxf6 Nxf6 21. Nd4 Qa6 22. Nc6 Rbc8 23. Rfe1 Kh7 24. d4 Qb5 25. Ne5 Qxb2 26. h4 Rcd8 27. Nxg6 fxg6 28. Red1 h5 29. Bf3 Rf8 30. Qd2 Qb3 31. Qd3 Qa4 32. Rab1 Rd6 33.
Rb4 Qa7 34. Rb5 Qf7 35. Rd2 Kh8 36. Bd1 Qd7 37. Rg5 Rd8 38. Rxg6 Rxd4 39. Qxd4 Qxd4 40.
Rxd4 Rxd4 41. Bf3 Rd3 42. Kg2 Rxa3 43. Rg5 Ra5 44. Rxa5 bxa5 45. Bc6 Kg8 46. Kf3 Kf7 47. Kf4 Ke6 48. Kg5 Kf7 49. f3 g6 50. Kh6 Ng8+ 51. Kg5 Nf6 52. Bb5 Kg7 53. Ba4 Nh7+ 54. Kf4 Kf6 55.
Ke4 Nf8 56. g4 hxg4 57. fxg4 Ne6 58. Bb5 g5 59. h5 Nc5+ 60. Kd5 Nb3 61. Ba4 Nd2 62.
Bd1 Nb1 63. Kd4 Nd2 64. Kd3 Nf1 65. Ke2 Ng3+ 66. Kf3 Nxh5 67. gxh5 Kg7 68. Kg4 Kh8 69. Ba4 Kg7 70. Kxg5 Kh8 71. Kh6 Kg8 72. Kg6 Kh8 73. h6 Kg8 74. h7+ Kh8 75. Bc2 a4 76. Kf6 a3 77.
Bb1 a2 78. Bxa2 Kxh7 1/2-1/2

[Event "*** Titled Tuesday Blitz"]
[Site "Chess.com"]
[Date "2021.04.27"]
[Round "7"]
[White "Sam_ChessMood"]
[Black "Jumbo"]
[Result "1-0"]
[WhiteElo "2907"]
[BlackElo "2783"]
[TimeControl "180+1"]
[EndTime "11:18:13 PDT"]
[Termination "Sam_ChessMood won by checkmate"]

1. e4 c6 2. d4 d5 3. e5 Bf5 4. Nf3 e6 5. Be2 h6 6. O-O Ne7 7. a4 Nd7 8. a5 a6 9. c3 c5 10. dxc5 Nxc5 11. Nd4 Bh7 12. Nd2 Nc6 13. N2f3 Be7 14.
Re1 O-O 15. Bf1 Qc7 16. Bf4 Ne4 17. Qa4 Bc5 18. Rec1 Ba7 19. Qa3 g5 20. Be3 Nxe5 21.
Nxe5 Qxe5 22. Nf3 Qb8 23. c4 g4 24. Ne1 d4 25. Bxh6 Rd8 26. c5 Qe5 27. b4 Qf6 28.
f3 gxf3 29. gxf3 Qxh6 30. fxe4 Bxe4 31. Ra2 Bb8 32. Rd1 d3 33. Bxd3 Qe3+ 34. Kf1 Bf4 35. Re2 Bxd3 36. Rxd3 Rxd3 37. Qxd3 Qxd3 38. Nxd3 Bc7 39.
Rg2+ Kf8 40. Ke2 Ke7 41. h4 Rh8 42. Rg4 Kf6 43. c6 bxc6 44. Rc4 Bd6 45. Rxc6 Bg3 46. Rxa6 Rxh4 47. Rb6 Rh2+ 48. Kf3 Be5 49. Nxe5 Kxe5 50. a6 Ra2 51. b5 f5 52. Rb7 Ra3+ 53. Kf2 Ke4 54.
a7 Ra2+ 55. Kf1 f4 56. b6 Kf3 57.
Ke1 Ke3 58. Kd1 f3 59. Rf7 e5 60. b7 Rxa7 61. Rxf3+ Kxf3 62. b8=Q Rd7+ 63. Ke1 Ke4 64.
Qb5 Rd4 65. Qc6+ Kf4 66. Ke2 Re4+ 67. Kf2 Rd4 68. Qf6+ Ke4 69. Qf3# 1-0

[Event "*** Titled Tuesday Blitz"]
[Site "Chess.com"]
[Date "2021.04.27"]
[Round "7"]
[White "RiskyDecision"]
[Black "OlegKrivonosov"]
[Result "0-1"]
[WhiteElo "2536"]
[BlackElo "2675"]
[TimeControl "180+1"]
[EndTime "11:18:13 PDT"]
[Termination "OlegKrivonosov won by resignation"]

1. d4 d5 2. c4 e6 3. Nf3 Nf6 4. g3 Be7 5. Bg2 O-O 6. O-O Nbd7 7. Qc2 c6 8. b3 b6 9. Rd1 Ba6 10. Bb2 Rc8 11. Nbd2 c5 12. e4 dxc4 13. bxc4 cxd4 14. e5 Ng4 15. Qe4 h5 16. Bxd4 Qc7 17. Rac1 Bb7 18. Qe2 Bc5 19. Nb3 Bxf3 20. Bxf3 Ndxe5 21. Bxe5 Nxe5 22. Bxh5 Rcd8 23. Bf3 Nxf3+ 24. Qxf3 a5 25. Kg2 a4 26. Nxc5 Qxc5 27. Qe2 Rc8 28. h4 Rfd8 29.
h5 Rxd1 30. Qxd1 b5 31. h6 gxh6 32. Qg4+ Kf8 33. Qf4 Kg7 34. Rh1 Qg5 35. Qxg5+ hxg5 36. cxb5 Rc2 37. Rb1 a3 38. Rb3 Rb2 39. Rxa3 Rxb5 40. Kf3 Kg6 41. Rb3 Ra5 42. a3 f5 43. Ke3 Ra4 44. f3 Kf6 45. Rc3 Ke5 46. Rc5+ Kd6 47. Rc3 Kd5 48. Rb3 Ra5 49. Rc3 e5 50. Rb3 f4+ 51.
gxf4 gxf4+ 52. Ke2 Ra4 53. Rd3+ Ke6 54. Rc3 Kf5 55. Rb3 Kg5 56. Rc3 Kh4 57. Rc5 Rxa3 58. Rxe5 Ra2+ 59. Kf1 Kg3 60. Rb5 Rf2+ 61. Kg1 Rxf3 62.
Rb1 Rd3 63. Rc1 Rd2 64. Rb1 f3 65. Rc1 Rg2+ 66. Kh1 Rh2+ 67. Kg1 f2+ 68. Kf1 Rh1+ 0-1

[Event "*** Titled Tuesday Blitz"]
[Site "Chess.com"]
[Date "2021.04.27"]
[Round "7"]
[White "tdf98pantani"]
[Black "juancruzarias"]
[Result "1/2-1/2"]
[WhiteElo "2709"]
[BlackElo "2589"]
[TimeControl "180+1"]
[EndTime "11:18:16 PDT"]
[Termination "Game drawn - insufficient material"]

1. e4 c6 2. d4 d5 3. Nc3 dxe4 4. Nxe4 Bf5 5. Ng3 Bg6 6. h4 h6 7. N1e2 e6 8. Nf4 Bh7 9. c3 Nd7 10. Bd3 Bxd3 11. Qxd3 Ngf6 12. Bd2 Bd6 13. Ngh5 Nxh5 14.
Nxh5 g6 15. Ng3 Qb6 16. Ne4 Be7 17. O-O-O O-O-O 18. Be3 Qa5 19. Kb1 Nf6 20. Nxf6 Bxf6 21. g4 h5 22. g5 Be7 23. Rh3 Qf5 24. Bc1 Qxd3+ 25. Rdxd3 Rd5 26. Rhf3 Rf5 27. Rxf5 gxf5 28. c4 Rd8 29. Kc2 Kc7 30. Be3 a6 31. Bf4+ Bd6 32. Bxd6+ Kxd6 33. Kc3 b5 34. b3 a5 35. Re3 Rb8 36. Re5 Rb7 37. Rc5 Rb8 38. f4 Rb7 39. a3 Rb8 40. a4 b4+ 41. Kd3 Ra8 42. Re5 Ra7 43. d5 cxd5 44. cxd5 Rc7 45. dxe6 Rc3+ 46.
Kd4 fxe6 47. Rxa5 Rxb3 48. Ra6+ Kd7 49. g6 Rg3 50. g7 b3 51. Rb6 Kc7 52. a5 Rxg7 53.
Rxb3 Rg4 54. Ke5 Rxh4 55. a6 Rh1 56. Ra3 Kb8 57. a7+ Ka8 58. Kxe6 h4 59. Kxf5 h3 60.
Kf6 Rf1 61. Rxh3 Rxf4+ 62. Ke5 Rb4 63. Kd6 Rb6+ 64. Kc7 Kxa7 65. Ra3+ Ra6 66. Rxa6+ Kxa6 1/2-1/2

[Event "*** Titled Tuesday Blitz"]
[Site "Chess.com"]
[Date "2021.04.27"]
[Round "7"]
[White "Grandmaster1369"]
[Black "JiiHart"]
[Result "0-1"]
[WhiteElo "2545"]
[BlackElo "2058"]
[TimeControl "180+1"]
[EndTime "11:18:23 PDT"]
[Termination "JiiHart won by checkmate"]

1. e4 c5 2. Nc3 Nc6 3. f4 e6 4. Nf3 d5 5. exd5 exd5 6. Bb5 Nf6 7. O-O Be7 8. d4 O-O 9. Kh1 Bg4 10. dxc5 Bxc5 11.
Bxc6 bxc6 12. h3 Bf5 13. Nd4 Be4 14. Nxe4 Nxe4 15. Rf3 Qb6 16. Be3 Qxb2 17. Rb1 Qxa2 18. Rb3 Rab8 19. Bg1 Rxb3 20. Rxb3 Qa6 21. Qg4 Qa1 22.
Kh2 Bxd4 23. Bxd4 Qxd4 24. Rd3 Qf6 25. f5 Re8 26. Re3 h6 27. c4 Qg5 28. Qe2 Qf4+ 29.
Kg1 Qxf5 30. cxd5 cxd5 31. Rf3 Qe6 32. Qb5 a6 33. Qb7 Nd6 34. Qb2 Qe1+ 35. Rf1 Qe5 36.
Qf2 Qe3 37. Qxe3 Rxe3 38. Rd1 Re5 39. Ra1 d4 40. Rxa6 Rd5 41. Ra1 d3 42. Kf2 d2 43.
Rd1 Ne4+ 44. Ke3 Nc3 45. Rxd2 Rxd2 46. Kxd2 Nd5 47. Ke2 f6 48. Kf3 Kf7 49. Ke4 Ke6 50.
g4 Nc7 51. h4 g6 52. Kf4 g5+ 53.
hxg5 hxg5+ 54. Ke4 Nd5 55. Kf3 Ke5 56. Kg3 Ke4 57. Kg2 Kf4 58. Kh3 Ne3 59. Kh2 Kxg4 60. Kg1 Kg3 61. Kh1 f5 62. Kg1 f4 63. Kh1 f3 64. Kg1 g4 65. Kh1 Kf4 66. Kg1 g3 67.
Kh1 Ng4 68. Kg1 Ke3 69. Kf1 Kd2 70. Kg1 Ke2 71. Kh1 Nf2+ 72. Kg1 Nh3+ 73. Kh1 g2+ 74. Kh2 g1=Q+ 75. Kxh3 f2 76. Kh4 f1=R 77. Kh3 Rf2 78. Kh4 Rh2# 0-1

[Event "*** Titled Tuesday Blitz"]
[Site "Chess.com"]
[Date "2021.04.27"]
[Round "7"]
[White "Anton_Demchenko"]
[Black "DeTimmerman"]
[Result "1-0"]
[WhiteElo "2927"]
[BlackElo "2799"]
[TimeControl "180+1"]
[EndTime "11:18:24 PDT"]
[Termination "Anton_Demchenko won by resignation"]

1. e4 e5 2. Nf3 Nc6 3. Bc4 Nf6 4. d3 Be7 5. O-O O-O 6. Re1 d6 7. a4 Kh8 8. h3 Ng8 9. Nc3 f5 10. Nd5 Bf6 11. b4 Nce7 12. Nxf6 Nxf6 13. Ng5 Qe8 14.
f4 exf4 15. exf5 Bxf5 16. Bxf4 Qd7 17. Nf7+ Rxf7 18. Bxf7 Ned5 19. Bxd5 Nxd5 20. Bd2 Kg8 21. Qf3 c6 22. c4 Nc7 23. Bg5 Be6 24. Rf1 h6 25. Bd2 d5 26. c5 d4 27. Rae1 Bb3 28. Qg3 Kh7 29. Qh4 Re8 30. Rxe8 Qxe8 31. Qxd4 Bxa4 32.
Bc3 Qg6 33. Qe4 Bb3 34. Qxg6+ Kxg6 35. Rf3 Ne6 36. Kf1 b6 37. cxb6 axb6 38. Be5 b5 39. Ke2 Bd5 40. Rf2 h5 41. h4 Nd8 42. Ke3 Nf7 43. Bf4 Nd8 44. g3 Ne6 45. Be5 Bb3 46. Rf1 Bd5 47. Ra1 Kf5 48. Bc3 g5 49. Ra7 gxh4 50. gxh4 Nf4 51. Rh7 Ng2+ 52. Kf2 Nxh4 53.
Rxh5+ Kg4 54. Rh8 Nf5 55. Ke2 Kf4 56. Kd2 Kg4 57. Rf8 Kg5 58. Rd8 Kg6 59. Rb8 Kf7 60. Rh8 Ke6 61. Rh2 Nd6 62. Re2+ Kd7 63. Bd4 Nf5 64.
Bc5 Be6 65. Re5 Ng7 66. Rg5 Nf5 67. Rh5 Ke8 68. Rh7 Bd5 69. Rc7 Kd8 70. Ra7 Ke8 71.
Kc3 Kd8 72. Rh7 Ke8 73. Kd2 Kd8 74. Ke2 Ke8 75. Kf2 Kd8 76. Rh5 Ng7 77. Rh6 Ne6 78.
Be3 Ke7 79. Rh7+ Kf6 80. Ra7 Ng7 81. Bd4+ 1-0